 Dungeon Crawl Stone Soup version 0.27.1-33-g824d729ab1 (webtiles) character file.

Game seed: 1365972359044228229

318 zeram the Covered (level 6, -2/38 HPs)
             Began as a Gargoyle Fighter on Dec 30, 2021.
             Slain by a gnoll (8 damage)
             ... on level 4 of the Dungeon.
             The game lasted 00:03:51 (3178 turns).

zeram the Covered (Gargoyle Fighter)                Turns: 3178, Time: 00:03:52

Health: -2/38      AC: 17    Str: 21    XL:     6   Next: 45%
Magic:  6/6        EV:  4    Int:  9    God:
Gold:   177        SH:  9    Dex:  9    Spells: 5/5 levels left

rFire    . . .     SeeInvis .   p - +0 morningstar
rCold    . . .     Faith    .   c - +0 kite shield
rNeg     + . .     Spirit   .   e - +1 plate armour
rPois    ∞         Reflect  .   (no helmet)
rElec    +         Harm     .   (no cloak)
rCorr    +         Rampage  .   (no gloves)
Will     .....                  (no boots)
Stlth    ..........             (no amulet)
HPRegen  0.12/turn              f - ring of resist corrosion
MPRegen  0.10/turn              k - ring of flight

@: flying
A: sickness immunity, AC +4, negative energy resistance 1, electricity
resistance, torment resistance 1, petrification resistance
a: no special abilities


You were on level 4 of the Dungeon.
You visited 1 branch of the dungeon, and saw 4 of its levels.

You collected 177 gold pieces.

Inventory:

Hand Weapons
 a - a +1 flail
 p - a +0 morningstar (weapon)
Missiles
 g - 2 curare-tipped darts (quivered)
Armour
 c - a +0 kite shield (worn)
 e - a +1 plate armour (worn)
Jewellery
 f - a ring of resist corrosion (left hand)
 k - a ring of flight (right hand)
Wands
 o - a wand of charming (12)
Scrolls
 j - 2 scrolls of enchant armour
Potions
 d - a potion of cancellation {unknown}
 h - a potion of lignification {unknown}
 i - 3 potions of heal wounds {unknown}
 l - 2 potions of haste {unknown}
 m - a potion of invisibility {unknown}
 n - a potion of attraction {unknown}


   Skills:
 + Level 4.0 Fighting
 + Level 4.4 Maces & Flails
 + Level 4.7 Armour
 + Level 4.7 Shields


You had 5 spell levels left.
You didn't know any spells.
Your spell library was empty.

Dungeon Overview and Level Annotations

Branches:
Dungeon (4/15)
 Temple: D:4-7

Altars:
Vehumet
Zin


Innate Abilities, Weirdness & Mutations

You are immune to sickness and miasma.
Your stone body is resilient. (AC +4)
You are immune to poison.
You resist negative energy. (rN+)
You are resistant to electric shocks. (rElec)
You are resistant to unholy torment.
You are immune to petrification.


Message History

You barely miss the gnoll.
The gnoll is severely wounded.
The gnoll hits you from afar with a +0 spear.
You block the gnoll's attack.
The gnoll hits you from afar with a +0 spear.
The gnoll hits you but does no damage. x2
You are too injured to fight recklessly!
You are too injured to fight recklessly!
You are too injured to fight recklessly!
Unknown command.
You are too injured to fight recklessly!
You are too injured to fight recklessly!
You sock the gnoll!
You kill the gnoll!
The gnoll hits you but does no damage. x2; You block the gnoll's attack.
You block the gnoll's attack. The gnoll hits you with a +0 spear.
You are too injured to fight recklessly!
You hit the gnoll but do no damage. The gnoll hits you but does no damage.
The gnoll completely misses you. You block the gnoll's attack.
Your plate armour prevents you from hitting the gnoll.
You block the gnoll's attack. The gnoll hits you but does no damage.
You block the gnoll's attack.
You hit the gnoll.
The gnoll is moderately wounded.
You block the gnoll's attack. The gnoll hits you with a +0 spear.
You block the gnoll's attack.
You hit the gnoll.
The gnoll is heavily wounded.
You hear the slow hiss of a distant avalanche of sand.
The gnoll hits you but does no damage. You block the gnoll's attack.
The gnoll hits you but does no damage.
You sock the gnoll!
You kill the gnoll!
You block the gnoll's attack. The gnoll hits you with a +0 spear.
You closely miss the gnoll. The gnoll hits you with a +0 spear!
* * * LOW HITPOINT WARNING * * *
You puncture the gnoll!
The gnoll is almost dead.
The gnoll completely misses you. The gnoll hits you with a +0 spear!
You die...

#..# #..>..........
#.## #......#...>.
#†# ##...#.##..#
##.####..........#
##.....(..####[##.#
#...#####.# #.#
#...# #.# #.###
#.### #.# #).)# ###
### ###@# #)g..#
###..# ###


You could see a gnoll.

Vanquished Creatures
  A sky beast (D:3)
  A water moccasin skeleton (D:3)
  A hound (D:3)
  Terence (D:2)
  2 adders
  3 gnolls (D:4)
  A worm (D:2)
  4 dart slugs
  5 orcs (D:3)
  7 endoplasms
  3 giant cockroaches
  4 goblins
  6 hobgoblins
  5 kobolds
  2 quokkas (D:3)
  3 ball pythons
  2 bats
  3 frilled lizards
  5 rats
59 creatures vanquished.

Notes
Turn   | Place    | Note
-------+----------+-------------------------------------------
     0 | D:1      | zeram the Gargoyle Fighter began the quest for the Orb.
     0 | D:1      | Reached XP level 1. HP: 14/14 MP: 1/1
    22 | D:1      | Reached XP level 2. HP: 15/19 MP: 2/2
   810 | D:1      | Reached XP level 3. HP: 20/23 MP: 3/3
  1930 | D:2      | Noticed Terence
  1939 | D:2      | Killed Terence
  1940 | D:2      | Reached XP level 4. HP: 20/29 MP: 4/4
  2260 | D:3      | Noticed a sky beast
  2293 | D:3      | Killed a sky beast
  2294 | D:3      | Reached XP level 5. HP: 20/33 MP: 5/5
  2466 | D:3      | Reached XP level 6. HP: 29/38 MP: 6/6
  2644 | D:3      | Found a glowing silver altar of Zin.
  2982 | D:3      | Found a radiant altar of Vehumet.
  3178 | D:4      | Slain by a gnoll

Illustrated notes

Levels and vault maps discovered:
D:1:      erik_arrival_cave_to_civilisation [erik_arrival_cave_to_hall],
          layout_loops_ring, minmay_close_crescents
D:2:      layout_basic, minmay_misc_feat_chi, minmay_between, uniq_terence
D:3:      layout_rooms, mainiacjoe_overflow_small_starburst, zin_treasury
D:4:      layout_rooms, enter_ossuary_2

Skill      XL: |  1  2  3  4  5  6 |
---------------+-------------------+-----
Armour         | 4 |  4.7
Maces & Flails | 3 4 |  4.4
Shields        | 4 |  4.7
Fighting       | 4 |  4.0

Action                   |  1- 3 |  4- 6 || total
-------------------------+-------+-------++-------
Melee: Flail             |    99 |    81 ||   180
       Morningstar       |       |    32 ||    32
  Use: Scroll            |     4 |     2 ||     6
       Potion            |     1 |       ||     1
Armor: Scale mail        |     9 |       ||     9
       Plate armour      |    44 |    96 ||   140
Dodge: Dodged            |    19 |    20 ||    39
Block: Kite shield       |    57 |    66 ||   123
